AoeStats
← Blazing Cartesia, The Virtuous

Arabia

503553556Analyzed
1v1 RM · 1mo ago on Sep 1, 2026· 24m 20s· 2 players
Game mode
Random Map
Map size
Tiny (2 player)
Population
200
Speed
Normal
Resources
Standard
Victory
Conquest
Starting age
Dark Age
Ending age
Imperial Age
RankedLock teamsTeams togetherTeam positionsShared explorationLock speedFull tech treeHidden civsTurbo modeCheats
Victory
Defeat
1204
+18
1249
-18
Spotify: John Cenit - listen me
7:12 Loom
9:46 Feudal Age
10:15 Double-Bit Axe
10:18 Horse Collar
17:53 Fletching
18:06 Padded Archer Armor
19:35 Wheelbarrow
21:51 Castle Age
19:49 Fletching
21:11 Gold Mining
21:42 Bloodlines
21:38 Scale Barding Armor
21:45 Forging
23:31 Chain Barding Armor
23:21 Bow Saw
23:46 Husbandry
Blazing Cartesia, The Virtuous
6:19 Loom
9:17 Feudal Age
9:44 Double-Bit Axe
13:28 Fletching
14:14 Padded Archer Armor
25:47 Castle Age
Connection lost

Rejoining the realm…

Still unreachable

The connection could not be restored.

Session expired

The server has moved on; the page needs a fresh start.